 Dungeon Crawl Stone Soup version 0.29.0-11-gd7f09526c8 (webtiles) character file.

Game seed: 13637575030302670491

17430 mtoz the Cleaver (level 12, -3/162 HPs)
             Began as a Minotaur Berserker on Sept 7, 2022.
             Was an Elder of Trog.
             Slain by a ten-headed hydra (12 damage)
             ... on level 2 of the Lair of Beasts.
             The game lasted 01:02:29 (12954 turns).

mtoz the Cleaver (Minotaur Berserker)              Turns: 12954, Time: 01:02:29

Health: -3/162     AC: 18    Str: 38    XL:     12   Next: 18%
Magic:  11/11      EV: 11    Int:  7    God:    Trog [****..]
Gold:   915        SH:  0    Dex:  7    Spells: 11/11 levels left

rFire   + . .      SeeInvis +   b - +5 halberd
rCold   + . .      Faith    +   (shield currently unavailable)
rNeg    . . .      Spirit   .   T - +0 plate armour
rPois   +          Reflect  .   (helmet restricted)
rElec   .          Harm     .   k - scarf {rC+ rF+}
rCorr   .          Rampage  .   G - +1 pair of gloves
Will    ++...                   P - +0 pair of boots
Stlth   ..........              N - amulet of faith
HPRegen 1.37/turn               s - ring of the Water Diviner {rPois Str+10 Int+3 Dex-2 SInv}
MPRegen 0.12/turn               p - ring of flight

@: berserking, strong-willed, flying, regenerating, very quick
A: horns 2, retaliatory headbutt
a: Renounce Religion, Berserk, Trog's Hand, Brothers in Arms


You were on level 2 of the Lair of Beasts.
You worshipped Trog.
Trog was greatly pleased with you.
You visited 2 branches of the dungeon, and saw 12 of its levels.
You also visited: Ossuary and Bailey.

You collected 915 gold pieces.

Inventory:

Hand Weapons
 a - the +7 hand axe of Launlori {spect, Str+3}
   (You found it in a bailey)

   When its wielder attacks, the weapon's spirit leaps out and strikes again.
   The spirit shares a part of any damage it takes with its wielder.
   Str:       It affects your strength (+3).
 b - a +5 halberd (weapon)
 j - a +0 battleaxe
Missiles
 l - 2 atropa-tipped darts
 t - 11 poisoned darts
 v - 67 stones
 z - a throwing net
 I - 20 boomerangs (quivered)
Armour
 f - a +0 cloak
 k - a scarf of resistance (worn)
 G - a +1 pair of gloves (worn)
 K - a +4 scale mail
 P - a +0 pair of boots (worn)
 S - +0 steam dragon scales
 T - a +0 plate armour (worn)
Jewellery
 p - a ring of flight (right hand)
 s - the ring of the Water Diviner (left hand) {rPois Str+10 Int+3 Dex-2 SInv}
   (You acquired it on level 5 of the Dungeon)

   [ring of see invisible]

   Str:       It affects your strength (+10).
   Int:       It affects your intelligence (+3).
   Dex:       It affects your dexterity (-2).
   rPois:     It protects you from poison.
   SInv:      It lets you see invisible.
 w - a ring of protection from fire
 N - an amulet of faith (around neck)
Wands
 u - a wand of flame (33)
 F - a wand of polymorph (10)
Scrolls
 d - 2 scrolls of blinking
 e - a scroll of enchant weapon
 h - 5 scrolls of vulnerability
 m - a scroll of identify
 q - 2 scrolls of amnesia
 B - 3 scrolls of teleportation
 D - a scroll of fear
Potions
 c - 5 potions of curing
 g - a potion of invisibility
 i - 6 potions of haste
 n - 3 potions of heal wounds
 x - 3 potions of might
 A - a potion of magic
 E - a potion of ambrosia
 M - a potion of berserk rage
 R - a potion of mutation


   Skills:
 + Level 10.6 Fighting
 * Level 14.3 Axes
 + Level 7.3 Throwing
 + Level 10.2 Armour
 + Level 9.5 Dodging
 - Level 2.9 Evocations


You had 11 spell levels left.
You didn't know any spells.
Your spell library was empty.

Dungeon Overview and Level Annotations

Branches:
Dungeon (10/15)            Temple (0/1) D:5            Lair (2/5) D:10
 Shoals (0/4) Lair:2      Ossuary (visited)          Bailey (visited)
  Snake: Lair:2-3    Spider: Lair:2-3       Orc: D:9-12

Altars:
Fedhas
Gozag
Nemelex Xobeh
Okawaru
The Shining One

Annotations:
Lair:2 2 transporters


Innate Abilities, Weirdness & Mutations

You have a pair of horns on your head.
You reflexively headbutt those who attack you in melee.


Message History

* * * LOW HITPOINT WARNING * * *
The ten-headed hydra bites you but does no damage. x2
The ten-headed hydra bites you!
* * * LOW HITPOINT WARNING * * *
The ten-headed hydra bites you!
* * * LOW HITPOINT WARNING * * *
The ten-headed hydra closely misses you.
You feel much better.
The basilisk bites you but does no damage.
The ten-headed hydra bites you!
* * * LOW HITPOINT WARNING * * *
The ten-headed hydra bites you!
* * * LOW HITPOINT WARNING * * *
The ten-headed hydra bites you but does no damage.
The ten-headed hydra closely misses you.
The ten-headed hydra bites you but does no damage. x6
Your skin crawls.
You feel strong-willed. The basilisk barely misses you.
The ten-headed hydra bites you but does no damage.
The ten-headed hydra barely misses you.
The ten-headed hydra closely misses you.
The ten-headed hydra bites you but does no damage.
The ten-headed hydra closely misses you.
The ten-headed hydra bites you but does no damage.
The ten-headed hydra bites you.
* * * LOW HITPOINT WARNING * * *
The ten-headed hydra bites you but does no damage.
The ten-headed hydra closely misses you. x2
A red film seems to cover your vision as you go berserk!
You feel yourself moving faster!
You feel mighty! The basilisk closely misses you. You furiously retaliate!
You headbutt the basilisk. The ten-headed hydra bites you!
* * * LOW HITPOINT WARNING * * *
The ten-headed hydra bites you!
* * * LOW HITPOINT WARNING * * *
The ten-headed hydra bites you.
* * * LOW HITPOINT WARNING * * *
The ten-headed hydra bites you!
You die...

##....... ...
###..### ##..#
#### .....# ...#..
......##### ##
...P......#### #P
......l#<....# ##.
......D@.....##
##..
......#.##.P..###
###..† .....
####......###.....
###P
#.............# #
####...........
##....#.#...
##..........
P...........
##.......>...


You could see a ten-headed hydra and a basilisk.

Vanquished Creatures
  2 hydras
  Lodul (D:9)
  The ghost of Isauros the Skirmisher, a novice MiHu (D:6)
  3 elephants (Lair:1)
  Joseph (D:8)
  4 cane toads
  A rime drake (Lair:1)
  2 komodo dragons
  A polar bear (Lair:2)
  A hornet (D:10)
  5 blink frogs (Lair:2)
  4 wyverns
  2 wraiths (D:9)
  Eustachio (D:5)
  16 yaks
  2 basilisks
  A steam dragon (D:10)
  Edmund (D:5)
  5 water moccasins
  2 ice beasts
  A sky beast (D:6)
  A black bear (D:8)
  8 orc warriors (Bailey)
  12 ogres
  10 wolves (Lair:1)
  3 centaurs
  A kobold brigand (D:6)
  5 bullfrogs
  9 scorpions
  8 wights
  6 killer bees (D:8)
  5 howler monkeys (D:8)
  2 electric eels (Lair:1)
  3 centaur zombies (Ossuary)
  A human zombie (Ossuary)
  8 hounds
  2 jellies
  5 orc priests
  A human skeleton (D:4)
  4 iguanas (D:5)
  4 hell rats (Lair:2)
  6 orc wizards
  5 scorpion zombies (Ossuary)
  3 mummies (Ossuary)
  5 adders
  4 gnolls
  2 white imps (D:5)
  2 worms
  4 dart slugs
  25 orcs
  4 endoplasms
  4 giant cockroaches
  2 gnoll zombies (Ossuary)
  9 goblins
  5 hobgoblins
  3 jackals (D:1)
  24 kobolds
  3 quokkas
  3 ball pythons
  4 bats
  4 frilled lizards
  4 goblin zombies (Ossuary)
  6 hobgoblin zombies (Ossuary)
  3 orc skeletons (D:4)
  3 orc zombies
  9 rats
  A plant (Lair:1)
302 creatures vanquished.

Vanquished Creatures (others)
  8 fungi
  27 plants
35 creatures vanquished.

Grand Total: 337 creatures vanquished

Notes
Turn   | Place    | Note
-------+----------+-------------------------------------------
     0 | D:1      | mtoz the Minotaur Berserker began the quest for the Orb.
     0 | D:1      | Reached XP level 1. HP: 19/19 MP: 0/0
     6 | D:1      | Noticed an iguana
     6 | D:1      | Noticed a swamp worm
     6 | D:1      | Noticed a wyvern
     7 | D:1      | Noticed a redback
   272 | D:1      | Reached XP level 2. HP: 27/27 MP: 1/1
   554 | D:1      | Reached skill level 4 in Axes
   712 | D:1      | Reached ** piety under Trog
   766 | D:1      | Reached XP level 3. HP: 30/33 MP: 2/2
  1091 | D:2      | You fall into a shaft and drop 1 floor!
  1374 | D:2      | Identified the +9 dagger of Ashenzari's Outrage {protect,
                  | rN++ Dex-2}
  2100 | D:3      | Reached skill level 1 in Evocations
  2100 | D:3      | Reached XP level 4. HP: 38/40 MP: 3/3
  2185 | D:3      | Found a faded altar of an unknown god.
  2651 | D:4      | Noticed a scorpion
  2658 | D:4      | Killed a scorpion
  2659 | D:4      | Reached skill level 5 in Axes
  2659 | D:4      | Reached XP level 5. HP: 47/47 MP: 4/4
  2945 | D:4      | Found a sand-covered staircase.
  2950 | Ossuary  | Entered an ossuary
  3001 | Ossuary  | Reached XP level 6. HP: 52/53 MP: 5/5
  3048 | Ossuary  | Reached skill level 5 in Fighting
  3048 | Ossuary  | Reached skill level 6 in Axes
  3249 | Ossuary  | Reached XP level 7. HP: 54/61 MP: 6/6
  3749 | D:4      | Reached skill level 7 in Axes
  4286 | D:5      | Entered Level 5 of the Dungeon
  4499 | D:5      | Reached skill level 5 in Armour
  4624 | D:5      | Reached XP level 8. HP: 47/70 MP: 7/7
  4686 | D:5      | Reached skill level 1 in Throwing
  4693 | D:5      | Found a staircase to the Ecumenical Temple.
  4826 | D:5      | Noticed Eustachio
  4852 | D:5      | Killed Eustachio
  4853 | D:5      | Reached skill level 8 in Axes
  4853 | D:5      | Reached skill level 5 in Dodging
  5025 | D:5      | Noticed Edmund
  5037 | D:5      | Killed Edmund
  5450 | D:6      | Found a runed translucent door.
  5453 | D:6      | Noticed Isauros's ghost (novice MiHu)
  5994 | D:5      | Reached skill level 9 in Axes
  6160 | D:5      | Identified a scroll of acquirement
  6218 | D:6      | Reached XP level 9. HP: 60/72 MP: 8/8
  6434 | D:5      | Acquired the ring of the Water Diviner {rPois Str+10 Int+3
                  | Dex-2 SInv}
  6903 | D:6      | Reached *** piety under Trog
  7070 | D:6      | Killed Isauros's ghost
  7071 | D:6      | Reached skill level 10 in Axes
  7424 | D:7      | Found an iron altar of Okawaru.
  8250 | D:8      | Noticed Joseph
  8259 | D:8      | Killed Joseph
  8260 | D:8      | Reached XP level 10. HP: 87/87 MP: 9/9
  8367 | D:8      | Reached skill level 11 in Axes
  8759 | D:8      | Found a glowing golden altar of the Shining One.
  8895 | D:8      | Found a sparkling altar of Nemelex Xobeh.
  9479 | D:9      | Found a flagged portal.
  9488 | Bailey   | Entered a bailey
  9531 | Bailey   | Reached skill level 5 in Throwing
  9687 | Bailey   | Identified the +7 hand axe of Launlori {spect, Str+3}
 10029 | D:10     | Entered Level 10 of the Dungeon
 10029 | D:10     | Found an opulent altar of Gozag.
 10112 | D:10     | Reached **** piety under Trog
 10184 | D:10     | Found a blossoming altar of Fedhas.
 10223 | D:10     | Found a staircase to the Lair.
 10235 | D:10     | Reached skill level 12 in Axes
 10297 | D:10     | Reached XP level 11. HP: 62/97 MP: 10/10
 10449 | D:10     | Noticed Lodul
 10609 | D:9      | Killed Lodul
 10840 | Lair:1   | Entered Level 1 of the Lair of Beasts
 10859 | Lair:1   | Reached skill level 13 in Axes
 11601 | Lair:1   | Reached skill level 10 in Fighting
 11612 | Lair:1   | Noticed a seven-headed hydra
 11624 | Lair:1   | Killed a ten-headed hydra
 12193 | Lair:2   | Found a transporter.
 12193 | Lair:2   | Noticed a boulder beetle
 12195 | Lair:2   | Found a transporter.
 12294 | Lair:2   | Found a staircase to the Shoals.
 12299 | Lair:2   | Noticed a six-headed hydra
 12312 | Lair:2   | Killed an 11-headed hydra
 12313 | Lair:2   | Reached skill level 14 in Axes
 12313 | Lair:2   | Reached XP level 12. HP: 25/107 MP: 11/11
 12317 | Lair:2   | Reached skill level 10 in Armour
 12942 | Lair:2   | Noticed a seven-headed hydra
 12951 | Lair:2   | HP: 5/108 [ten-headed hydra (10)]
 12954 | Lair:2   | Slain by a ten-headed hydra

Illustrated notes

Levels and vault maps discovered:
D:1:      onia_arrival_zoo_common, layout_basic, roderic_lattice_a,
          wander_ebering_terrifying_dragon_lair
D:2:      layout_basic, serial_forest, infiniplex_forest_clump_medium,
          infiniplex_forest_zigzag_1, infiniplex_forest_lined_4_way,
          infiniplex_forest_clump_double, infiniplex_forest_lined_3,
          infiniplex_forest_clump_medium, infiniplex_forest_lined_corner,
          infiniplex_forest_lined_4_way, infiniplex_forest_clump_long
D:3:      layout_loops_ring, hellmonk_ecumenical_altar_lost_god
D:4:      layout_rooms, nicolae_ossuary_entry_catacombs
D:5:      layout_rooms, minmay_temple_entry_tees, uniq_eustachio, uniq_edmund
D:6:      layout_basic, hellmonk_ghost_happy_afterlife, kennysheep_crisscross,
          lexackson_kobold_supper
D:7:      layout_layer_cave, okawaru_metal_pillars_1_2
D:8:      layout_basic, mainiacjoe_overflow_six_doors_small,
          nemelex_spade_bored_becter, uniq_joseph
D:9:      layout_cross, enter_bailey_3, chequers_serial_rivers_small_3
D:10:     layout_rooms, lemuel_doored_altar, nicolae_gozag_seed_capital,
          david_lair_shrubbed, uniq_lodul
Lair:1:   layout_small_grid, serial_bayou_lagoon_a, serial_bayou_pond_b,
          fungi_pond_lemuel, grunt_megastairs_5
Lair:2:   gammafunk_boulding_lane, layout_misc_corridors, shoals_dummy_entry,
          enter_volcano_4, minivault_27

Skill      XL: |  1  2  3  4  5  6  7  8  9 10 11 12 |
---------------+-------------------------------------+-----
Axes           | 4 5 6 7 9 10 12 14 | 14.3
Fighting       | 4 5 6 7 9 10 | 10.6
Armour         | 3 4 5 6 7 8 9 10 | 10.2
Evocations     | 1 2 |  2.9
Dodging        | 3 4 5 6 8 9 |  9.5
Throwing       | 2 4 5 7 |  7.3

Action                   |  1- 3 |  4- 6 |  7- 9 | 10-12 || total
-------------------------+-------+-------+-------+-------++-------
Melee: Hand axe          |    78 |     4 |       |   146 ||   228
       Headbutt          |    10 |     7 |    44 |    51 ||   112
       Punch             |     1 |       |       |     2 ||     3
       Battleaxe         |       |    60 |   158 |   103 ||   321
       War axe           |       |       |   119 |       ||   119
       Halberd           |       |       |       |    25 ||    25
Throw: Dart              |       |       |     6 |       ||     6
       Boomerang         |       |       |     8 |    54 ||    62
Invok: Trog's Hand       |       |     2 |    13 |    12 ||    27
       Berserk           |       |     2 |     7 |     4 ||    13
  Use: Scroll            |     3 |     4 |     3 |     9 ||    19
       Potion            |     2 |       |     6 |     2 ||    10
Armor: Animal skin       |     2 |       |       |       ||     2
       Ring mail         |     7 |       |       |       ||     7
       Chain mail        |    13 |    51 |    85 |       ||   149
       Scale mail        |     7 |       |    61 |    92 ||   160
       Plate armour      |       |       |       |    87 ||    87
Dodge: Dodged            |    41 |    42 |   160 |   221 ||   464
